AoeStats
← TwiTch Control

Black Forest

507838531Analyzed
4v4 RM · 13d ago on Sep 19, 2026· 40m 30s· 8 players
Game mode
Random Map
Map size
Large (8 player)
Population
200
Speed
Normal
Resources
Standard
Victory
Conquest
Starting age
Dark Age
Ending age
Imperial Age
RankedLock teamsTeams togetherTeam positionsShared explorationLock speedFull tech treeHidden civsTurbo modeCheats
Victory
Defeat
🇬🇧 Malians · United Kingdom
762
+16
🇬🇧 Sicilians · United Kingdom
759
+16
🇲🇽 Celts · Mexico
689
+19
🇫🇷 Goths · France
672
+20
🇮🇹 Goths · Italy
786
-19
🇹🇷 Bulgarians · Türkiye
763
-18
🇺🇸 Teutons · United States
747
-17
🇪🇸 Maya · Spain
730
-17
ander.bioesc
0:35 Loom
13:22 Feudal Age
14:49 Double-Bit Axe
21:44 Castle Age
20:33 Horse Collar
20:49 Gold Mining
20:51 Stone Mining
31:39 Fletching
36:49 Heavy Plow
40:09 Imperial Age
39:14 Wheelbarrow
38:31 Town Watch
39:09 Bodkin Arrow
matteofalconi1990
11:05 Feudal Age
12:37 Wheelbarrow
11:52 Double-Bit Axe
13:21 Horse Collar
13:33 Gold Mining
17:27 Stone Mining
21:07 Castle Age
22:07 Hand Cart
22:13 Bow Saw
26:01 Caravan
31:12 Imperial Age
30:03 Pikeman
30:44 Squires
30:59 Scale Mail Armor
31:09 Forging
32:10 Heavy Plow
33:35 Crop Rotation
34:15 Halberdier
34:44 Fishing Lines
35:32 Gillnets
36:12 Conscription
36:27 Guilds
37:29 Chain Mail Armor
37:41 Perfusion
37:43 Capped Ram
39:19 Heavy Scorpion
Justice
0:42 Loom
18:53 Feudal Age
19:06 Feudal Age
20:00 Gold Mining
19:56 Double-Bit Axe
19:53 Horse Collar
20:16 Stone Mining
21:36 Wheelbarrow
26:53 Forging
26:43 Scale Mail Armor
26:48 Scale Barding Armor
29:48 Castle Age
30:45 Bow Saw
30:36 Heavy Plow
30:38 Caravan
31:08 Coinage
31:18 Stone Shaft Mining
31:58 Hand Cart
32:01 Fortified Wall
33:10 Coinage
33:36 Fervor
33:16 Man-at-Arms
34:38 Iron Casting
34:18 Chain Mail Armor
33:53 Gambesons
33:58 Long Swordsman
34:48 Squires
34:34 Arson
36:13 Chain Mail Armor
36:12 Town Watch
39:36 Fletching
39:46 Padded Archer Armor
xbarter
0:48 Loom
13:33 Feudal Age
14:31 Double-Bit Axe
14:29 Horse Collar
18:01 Fishing Lines
28:04 Castle Age
28:00 Bloodlines
27:38 Arson
27:49 Stone Mining
27:50 Gold Mining
30:12 Caravan
30:52 Wheelbarrow
30:10 Gillnets
30:57 Heavy Plow
31:29 Husbandry
31:34 Squires
31:19 Gambesons
31:42 Thumb Ring
32:44 Bow Saw
35:47 Imperial Age
33:26 Stirrups
34:50 Forging
34:40 Scale Mail Armor
34:46 Scale Barding Armor
36:12 Elite Konnik
36:53 Bagains
37:14 Conscription
37:34 Iron Casting
37:20 Chain Barding Armor
37:16 Chain Mail Armor
36:52 Fletching
37:03 Padded Archer Armor
39:17 Blast Furnace
38:53 Plate Barding Armor
39:03 Gold Shaft Mining
39:04 Stone Shaft Mining
39:12 Pikeman
40:19 Parthian Tactics
GEvans7
0:27 Loom
14:09 Feudal Age
14:33 Horse Collar
14:41 Double-Bit Axe
17:20 Wheelbarrow
17:46 Gold Mining
21:38 Stone Mining
23:07 Forging
25:36 Castle Age
25:00 Scale Mail Armor
27:50 Iron Casting
27:31 Chain Mail Armor
28:32 Squires
28:38 Elite Skirmisher
32:25 Fletching
32:36 Padded Archer Armor
32:59 Ballistics
32:37 Murder Holes
34:28 Hand Cart
36:38 Gold Shaft Mining
36:43 Stone Shaft Mining
36:10 Heavy Plow
36:28 Bow Saw
40:32 Imperial Age
TwiTch Control
0:34 Loom
16:05 Feudal Age
17:34 Fishing Lines
25:49 Gold Mining
28:48 Castle Age
27:15 Man-at-Arms
28:03 Scale Mail Armor
28:31 Double-Bit Axe
28:38 Horse Collar
29:02 Stone Mining
29:43 Caravan
31:42 Gold Shaft Mining
32:31 Gillnets
33:08 Bow Saw
33:45 Wheelbarrow
34:34 Stone Shaft Mining
34:07 Heavy Plow
34:16 Long Swordsman
38:08 Squires
38:44 Chain Mail Armor
41:51 Imperial Age
39:39 Hand Cart
Point and Click
0:41 Loom
15:44 Feudal Age
16:25 Double-Bit Axe
16:22 Horse Collar
16:36 Gold Mining
17:16 Man-at-Arms
24:29 Castle Age
23:48 Forging
23:39 Scale Mail Armor
25:16 Heavy Plow
25:29 Bow Saw
25:53 Town Watch
26:54 Iron Casting
27:05 Long Swordsman
34:48 Imperial Age
32:26 Squires
33:10 Town Patrol
33:59 Chain Mail Armor
35:29 Caravan
35:02 Onager
35:17 Two-Handed Swordsman
37:13 Two-Man Saw
37:08 Crop Rotation
36:10 Champion
38:00 Blast Furnace
37:46 Pikeman
38:45 Halberdier
civilalberto
0:32 Loom
18:04 Feudal Age
20:20 Double-Bit Axe
20:18 Horse Collar
20:34 Gold Mining
22:52 Castle Age
24:56 Wheelbarrow
24:45 Bow Saw
27:36 Heavy Plow
28:54 Treadmill Crane
29:25 Masonry
29:29 Fortified Wall
Connection lost

Rejoining the realm…

Still unreachable

The connection could not be restored.

Session expired

The server has moved on; the page needs a fresh start.